Construct Weapon Support Center
Selects Airborne Battlegroup
Selects Paratrooper Squad Paradrop
Paratrooper Squad Paradrop
Construct Medical Station
Construct Medical Station
Construct Medical Station
Paratrooper Squad Paradrop
Paratrooper Squad Paradrop
Mechanized Support Center
Selects Anti-tank Gun Team Paradrop
Anti-tank Gun Team Paradrop
Designate Forward Repair Station
Designate Forward Repair Station
M4A1(76) Sherman Medium Tank
Selects Paradrop Reinforcements
Selects Carpet Bombing Run